 Dungeon Crawl Stone Soup version 0.30.1 (webtiles) character file.

Game seed: 13501595242429263710

78103 Peloso the Fencer (level 15, -8/211 HPs)
             Began as a Minotaur Fighter on July 6, 2023.
             Was the Champion of Okawaru.
             Mangled by a two-headed ogre
             ... wielding a +0 giant club
              (15 damage)
             ... on level 15 of the Dungeon.
             The game lasted 00:49:50 (22676 turns).

Peloso the Fencer (Minotaur Fighter)               Turns: 22676, Time: 00:49:51

Health: -8/211     AC: 17    Str: 25    XL:     15   Next: 17%
Magic:  15/15      EV: 13    Int:  5    God:    Okawaru [******]
Gold:   922        SH:  8    Dex: 15    Spells: 14/14 levels left

rFire   + + .        a - +9 sword of Zonguldrok {reap}
rCold   + + +        d - +0 buckler
rNeg    + . .        I - +0 chain mail "Tecookar" {rPois rC+++ Regen+ Dex-4}
rPois   +            n - -2 hat of the Alchemist {rElec rPois rF+ rC+ rN+ Will+ rMut rCorr}
rElec   +            F - +0 cloak {Will+}
rCorr   +            (no gloves)
SInv    .            u - +2 pair of boots {Fly}
Will    +++..        x - amulet of Gaceucat {RegenMP Fragile rPois Regen+} Stlth
                     i - ring of protection from fire
HPRegen 2.15/turn    t - +6 ring of dexterity
MPRegen 0.54/turn

%: resist mutation
@: berserking, flying, very quick
A: horns 2, retaliatory headbutt
a: Renounce Religion, Heroism, Finesse, Duel


You were on level 15 of the Dungeon.
You worshipped Okawaru.
Okawaru was exalted by your worship.
You visited 4 branches of the dungeon, and saw 23 of its levels.
You also visited: Bailey.

You collected 2374 gold pieces.
You spent 1452 gold pieces at shops.

Inventory:

Hand Weapons
 a - the +9 sword of Zonguldrok (weapon) {reap}
   (Okawaru gifted it to you on level 15 of the Dungeon)
 b - the +5 falchion "Nofiwer" {venom, Int+2}
   (You bought it in a shop on level 2 of the Orcish Mines)

   Int:       It affects your intelligence (+2).
 c - a +3 scimitar of flaming
Armour
 d - a +0 buckler (worn)
 e - +2 acid dragon scales
 n - the -2 hat of the Alchemist (worn) {rElec rPois rF+ rC+ rN+ Will+ rMut rCorr}
   (You bought it in a shop on level 2 of the Orcish Mines)

   rF:        It protects you from fire.
   rC:        It protects you from cold.
   rElec:     It insulates you from electricity.
   rPois:     It protects you from poison.
   rN:        It protects you from negative energy.
   rCorr:     It protects you from acid and corrosion.
   rMut:      It protects you from mutation.
   Will:      It increases your willpower.
 u - a +2 pair of boots of flying (worn)
 F - a +0 cloak of willpower (worn)
 I - the +0 chain mail "Tecookar" (worn) {rPois rC+++ Regen+ Dex-4}
   (You bought it in a shop on level 8 of the Dungeon)

   Dex:       It affects your dexterity (-4).
   rC:        It renders you almost immune to cold.
   rPois:     It protects you from poison.
   Regen:     It increases your rate of health regeneration.
 P - the +0 chain mail of Action {Will+}
   (Okawaru gifted it to you on level 11 of the Dungeon)

   Will:      It increases your willpower.
Jewellery
 h - a ring of flight
 i - a ring of protection from fire (left hand)
 t - a +6 ring of dexterity (right hand)
 x - the amulet of Gaceucat (around neck) {RegenMP Fragile rPois Regen+}
   (You found it on level 3 of the Lair of Beasts)

   [amulet of magic regeneration]

   It increases your rate of magic regeneration.
   rPois:     It protects you from poison.
   Regen:     It increases your rate of health regeneration.
   Fragile:   It will be destroyed if unequipped.
 K - a ring of positive energy
 X - a ring of wizardry
 Y - a +6 ring of intelligence
Wands
 k - a wand of charming (16)
 r - a wand of flame (67)
 v - a wand of mindburst (12)
 B - a wand of iceblast (11)
 C - a wand of polymorph (14)
 L - a wand of quicksilver (13)
Scrolls
 g - 3 scrolls of poison
 l - 4 scrolls of magic mapping
 p - 2 scrolls of enchant armour
 s - 4 scrolls of enchant weapon
 w - 13 scrolls of teleportation
 y - a scroll of identify
 D - 2 scrolls of silence
 E - 8 scrolls of fog
 G - 2 scrolls of acquirement
 H - 3 scrolls of brand weapon
 J - a scroll of immolation
 Q - 2 scrolls of amnesia
 S - 4 scrolls of fear {unknown}
 V - 2 scrolls of torment {unknown}
Potions
 f - 9 potions of curing
 j - 2 potions of mutation
 m - 5 potions of brilliance
 q - 2 potions of might
 z - 5 potions of flight
 A - 4 potions of cancellation
 N - a potion of ambrosia
 O - a potion of invisibility {unknown}
 R - a potion of magic {unknown}
 W - a potion of resistance {unknown}


   Skills:
 + Level 15.5 Fighting
 + Level 16.9 Long Blades
 + Level 16.5 Armour
 + Level 8.0 Dodging
 + Level 3.0 Stealth
 + Level 14.3 Shields
 + Level 2.1 Invocations
 + Level 0.1 Evocations


You had 14 spell levels left.
You didn't know any spells.
Your spell library contained the following spells:

 Spells                   Type           Power      Damage    Failure   Level
 Beastly Appendage        Tmut           0%         N/A       88%         1
 Magic Dart               Conj           0%         1d3       88%         1
 Ensorcelled Hibernation  Hex/Ice        0%         N/A       95%         2
 Searing Ray              Conj           0%         2d4       95%         2
 Wereblood                Tmut           0%         N/A       95%         2
 Mephitic Cloud           Conj/Pois/Air  0%         N/A       99%         3
 Spider Form              Tmut/Pois      0%         N/A       99%         3
 Anguish                  Hex/Necr       0%         N/A       100%        4
 Fulminant Prism          Conj/Hex       0%         3d5       100%        4
 Passage of Golubria      Tloc           0%         N/A       100%        4
 Petrify                  Tmut/Erth      0%         N/A       100%        4
 Fireball                 Conj/Fire      0%         3d3       100%        5
 Iskenderun's Battlesphe  Conj           0%         2d6       100%        5
 Metabolic Englaciation   Hex/Ice        0%         N/A       100%        5
 Silence                  Hex/Air        0%         N/A       100%        5
 Conjure Ball Lightning   Conj/Air       0%         3x3d6     100%        6
 Statue Form              Tmut/Erth      0%         N/A       100%        6
 Orb of Destruction       Conj           0%         9d5       100%        7
 Lehudib's Crystal Spear  Conj/Erth      0%         10d2      100%        8
 Call Imp                 Summ           Unusable   N/A       N/A         2

Dungeon Overview and Level Annotations

Branches:
Dungeon (15/15)            Temple (1/1) D:5            Lair (5/5) D:9
 Shoals (0/4) Lair:2        Snake (0/4) Lair:2        Slime (0/5) Lair:4
    Orc (2/2) D:11            Elf (0/3) Orc:2        Vaults (0/5) D:14
 Depths (0/4) D:15         Bailey (visited)

Altars:
Ashenzari
Cheibriados
Dithmenos
Elyvilon
Fedhas
Gozag
Hepliaklqana
Kikubaaqudgha
Makhleb
Nemelex Xobeh
Okawaru
Qazlal
Ru
Sif Muna
Trog
Uskayaw
Vehumet
Wu Jian
Xom
Yredelemnul
Zin
The Shining One
Jiyva

Shops:
D:3 =   D:7 !   D:8 :(![   Orc:2 [*([=

Annotations:
D:9 4 transporters
Lair:2 3 runed translucent doors, Graphine's ghost, journeyman KoBr


Innate Abilities, Weirdness & Mutations

You have a pair of horns on your head.
You reflexively headbutt those who attack you in melee.


Message History

The two-headed ogre hits you with a +0 giant club!
The two-headed ogre hits you but does no damage.
The ogre misses you.
The two-headed ogre hits you with a +0 giant club!
* * * LOW HITPOINT WARNING * * *
The two-headed ogre hits you with a +0 giant club.
* * * LOW HITPOINT WARNING * * *
Unknown command.
Okay, then.
A red film seems to cover your vision as you go berserk!
You feel yourself moving faster!
You feel mighty! The ogre mage hits you with a +0 flail.
* * * LOW HITPOINT WARNING * * *
The two-headed ogre misses you.
The two-headed ogre hits you with a +0 dire flail!
* * * LOW HITPOINT WARNING * * *
You closely miss the two-headed ogre. You block the ogre's attack.
The two-headed ogre hits you with a +0 giant club.
* * * LOW HITPOINT WARNING * * *
The two-headed ogre hits you with a +0 giant club.
* * * LOW HITPOINT WARNING * * *
The two-headed ogre hits you with a +0 giant club!!
* * * LOW HITPOINT WARNING * * *
You block the two-headed ogre's attack.
You slash the two-headed ogre!
The two-headed ogre is lightly wounded.
The ogre mage points at the ogre and mumbles some strange words.
The ogre seems to speed up.
Unknown command.
You slash the two-headed ogre! You headbutt the two-headed ogre!
The two-headed ogre is heavily wounded.
The two-headed ogre hits you but does no damage.
The two-headed ogre completely misses you.
Unknown command.
You slice the two-headed ogre!! You headbutt the two-headed ogre!
You kill the two-headed ogre!
Okawaru accepts your kill. You block the ogre's attack.
The two-headed ogre hits you with a +0 giant club!
You die...

................#####....
.........................
.........................
.......#######...........
.........................
#####
.........................
.....
[...)<...................
#.
...............#########..
#.
...............O@)......
..#####.
...............OOO......
........
........................
........
...######.#########.....
........ ... #... .....
........ ... . ... ....
........ ... .. ...
........ ... ........
........


You could see 2 two-headed ogres, an ogre mage and an ogre (fast).

Vanquished Creatures
  Rupert (Orc:2)
  An orc warlord (Orc:2)
  A catoblepas (Lair:1)
  A hydra (Lair:4)
  An ogre mage (D:14)
  Erica (D:8)
  6 centaur warriors
  12 two-headed ogres
  4 boulder beetles
  3 tengu warriors
  An orc high priest (Orc:2)
  The ghost of disskorpion the Grappler, a novice TrFi of Wu Jian (D:7)
  A storm dragon zombie (D:15)
  The ghost of Tyszek the Spear-Bearer, a novice MiDe of Okawaru (D:7)
  A skyshark (Lair:4)
  A titan skeleton (D:15)
  A skeletal warrior (D:14)
  The ghost of ripuliukko the Thaumaturge, a novice DEEE of Vehumet (D:7)
  4 wizards (D:14)
  A deep elf pyromancer (D:12)
  A necromancer (D:15)
  2 orc sorcerers
  An oklob plant (Lair:4)
  2 manticores
  8 ugly things (D:14)
  3 cyclopes
  3 elephants (Lair:3)
  2 black mambas (Lair:4)
  16 cane toads
  2 gargoyles (D:13)
  8 komodo dragons
  An unseen horror (D:11)
  2 rime drakes
  2 efreet (D:14)
  A freezing wraith (D:14)
  A tengu conjurer (D:15)
  16 trolls
  Grinder (D:6)
  A wolf spider simulacrum (D:14)
  A troll (shapeshifter) (D:15)
  A polar bear (Lair:2)
  3 tyrant leeches (Lair:5)
  25 blink frogs
  4 slime creatures (D:14)
  A vampire (D:12)
  Sigmund (D:6)
  2 shadows
  6 wyverns
  6 spriggans
  63 yaks
  2 wraiths
  15 vampire mosquitoes
  A steam dragon (D:7)
  Grum (D:11)
  A basilisk (Lair:5)
  3 nagas (Lair:2)
  Menkaure (D:7)
  4 wargs (Orc:2)
  2 acid dragons
  7 water moccasins
  25 orc warriors
  3 ice beasts
  A sky beast (D:7)
  2 black bears
  9 wolves
  12 ogres
  3 phantoms
  7 centaurs
  3 kobold brigands
  19 bullfrogs
  5 scorpions
  10 killer bees
  5 electric eels
  5 howler monkeys
  8 hounds
  2 jellies
  16 orc priests
  Crazy Yiuf (D:6)
  3 gnoll boudas
  3 sleepcaps
  4 iguanas
  27 orc wizards
  A boggart simulacrum (D:14)
  18 gnolls
  10 adders
  An ufetubus (D:5)
  2 worms
  5 dart slugs
  76 orcs
  9 ball pythons
  8 bats
  7 endoplasms
  5 giant cockroaches
  5 hobgoblins
  3 jackals
  21 kobolds
  5 quokkas
  4 frilled lizards
  12 goblins
  5 rats
637 creatures vanquished.

Vanquished Creatures (others)
  A goblin (D:7)
1 creature vanquished.

Grand Total: 638 creatures vanquished

Notes
Turn   | Place    | Note
-------+----------+-------------------------------------------
     0 | D:1      | Peloso the Minotaur Fighter began the quest for the Orb.
     0 | D:1      | Reached XP level 1. HP: 19/19 MP: 0/0
   150 | D:1      | Reached XP level 2. HP: 27/27 MP: 1/1
   380 | D:1      | Found a faded altar of an unknown god.
  1165 | D:2      | Reached XP level 3. HP: 31/33 MP: 2/2
  1658 | D:2      | Reached XP level 4. HP: 41/41 MP: 3/3
  2513 | D:3      | Reached skill level 5 in Fighting
  2741 | D:3      | Reached XP level 5. HP: 48/48 MP: 4/4
  2802 | D:3      | Found Iqoor's Jewellery Boutique.
  3038 | D:3      | Reached skill level 1 in Dodging
  3253 | D:4      | Reached XP level 6. HP: 54/56 MP: 5/5
  3371 | D:4      | Reached skill level 5 in Armour
  3390 | D:4      | Reached skill level 5 in Long Blades
  3784 | D:4      | Reached XP level 7. HP: 52/62 MP: 6/6
  4175 | D:5      | Entered Level 5 of the Dungeon
  4204 | D:5      | Noticed a wyvern
  4205 | D:5      | Reached skill level 5 in Shields
  4217 | D:5      | Killed a wyvern
  4218 | D:5      | Reached skill level 1 in Stealth
  4222 | D:5      | Reached XP level 8. HP: 45/70 MP: 7/7
  4462 | D:5      | Found a staircase to the Ecumenical Temple.
  4470 | Temple   | Entered the Ecumenical Temple
  4477 | Temple   | Became a worshipper of Warmaster Okawaru
  4741 | D:5      | Reached * piety under Okawaru
  5203 | D:6      | Noticed Grinder
  5324 | D:6      | Killed Grinder
  5325 | D:6      | Reached XP level 9. HP: 53/78 MP: 8/8
  5754 | D:6      | Noticed Sigmund
  5760 | D:6      | Killed Sigmund
  5837 | D:6      | Found a runed translucent door.
  5838 | D:6      | Noticed Crazy Yiuf
  5849 | D:6      | Killed Crazy Yiuf
  6001 | D:7      | Found Vinaump's Distillery.
  6046 | D:7      | Bought a potion of heal wounds for 70 gold pieces
  6114 | D:7      | Found a runed translucent gate.
  6125 | D:7      | Found a flagged portal.
  6142 | D:7      | Reached ** piety under Okawaru
  6143 | D:7      | Reached skill level 10 in Long Blades
  6167 | Bailey   | Entered a bailey
  6801 | Bailey   | Noticed a two-headed ogre
  6812 | Bailey   | Reached *** piety under Okawaru
  6813 | Bailey   | Reached XP level 10. HP: 78/88 MP: 9/9
  6822 | Bailey   | Killed a two-headed ogre
  6893 | Bailey   | Reached skill level 10 in Armour
  7012 | Bailey   | Identified a scroll of acquirement
  7149 | D:7      | Found a runed translucent gate.
  7149 | D:7      | Found a runed translucent gate.
  7150 | D:7      | Noticed Tyszek's ghost (novice MiDe)
  7150 | D:7      | Noticed disskorpion's ghost (novice TrFi)
  7150 | D:7      | Noticed ripuliukko's ghost (novice DEEE)
  7160 | D:7      | Noticed Menkaure
  7164 | D:7      | Killed Menkaure
  7344 | D:7      | Found an ancient bone altar of Kikubaaqudgha.
  7707 | D:8      | Found Ogaluost's Distillery.
  7733 | D:8      | Found Iruepliy's Antique Armour Emporium.
  7737 | D:8      | Bought a distressingly furry chain mail for 247 gold pieces
  7737 | D:8      | Identified the +0 chain mail "Tecookar" {rPois rC+++ Regen+
                  | Dex-4} (You bought it in a shop on level 8 of the Dungeon)
  7861 | D:8      | Found Xauluph's Book Boutique.
  7950 | D:8      | Noticed Erica
  7978 | D:8      | Killed Erica
  7978 | D:8      | Reached **** piety under Okawaru
  8347 | D:8      | Found Dedd's Weapon Boutique.
  8698 | D:9      | Reached XP level 11. HP: 72/97 MP: 10/10
  8732 | D:9      | Reached ***** piety under Okawaru
  8866 | D:9      | Found a staircase to the Lair.
  8897 | D:9      | Found a transporter.
  8913 | D:9      | Found a transporter.
  9144 | D:9      | Noticed a two-headed ogre
  9156 | D:9      | Killed a two-headed ogre
  9157 | D:9      | Reached skill level 10 in Fighting
  9205 | D:9      | Found a snail-covered altar of Cheibriados.
  9215 | D:9      | Found a burning altar of Makhleb.
  9218 | D:9      | Found a shimmering blue altar of Sif Muna.
  9356 | D:9      | Found a transporter.
  9376 | D:9      | Found a transporter.
  9622 | D:10     | Entered Level 10 of the Dungeon
 10187 | D:11     | Identified the +0 chain mail of Action {Will+} (Okawaru
                  | gifted it to you on level 11 of the Dungeon)
 10187 | D:11     | Received a gift from Okawaru
 10241 | D:11     | Noticed Grum
 10270 | D:11     | Killed Grum
 10326 | D:11     | Found a staircase to the Orcish Mines.
 10436 | D:11     | Noticed a tengu warrior
 10444 | D:11     | Killed a tengu warrior
 10527 | D:11     | Reached skill level 1 in Invocations
 10764 | Lair:1   | Entered Level 1 of the Lair of Beasts
 10954 | Lair:1   | Noticed a boulder beetle
 10956 | Lair:1   | Reached XP level 12. HP: 105/108 MP: 11/11
 10974 | Lair:1   | Killed a boulder beetle
 11356 | Lair:1   | Noticed a catoblepas
 11385 | Lair:1   | Killed a catoblepas
 11489 | Lair:1   | Reached skill level 5 in Dodging
 11923 | Lair:2   | Received a gift from Okawaru
 11924 | Lair:2   | Reached skill level 10 in Shields
 12188 | Lair:2   | Found a staircase to the Shoals.
 12229 | Lair:2   | Found a runed translucent gate.
 12230 | Lair:2   | Found a runed translucent gate.
 12231 | Lair:2   | Found a runed translucent gate.
 12233 | Lair:2   | Noticed Graphine's ghost (journeyman KoBr)
 12464 | Lair:2   | Found a staircase to the Snake Pit.
 13393 | Lair:3   | Reached skill level 15 in Long Blades
 14116 | Lair:3   | Noticed a boulder beetle
 14142 | Lair:3   | Killed a boulder beetle
 14149 | Lair:3   | Reached XP level 13. HP: 36/118 MP: 12/12
 14614 | Lair:3   | Identified the amulet of Gaceucat {RegenMP Fragile rPois
                  | Regen+}
 15026 | Orc:1    | Entered Level 1 of the Orcish Mines
 15168 | Orc:2    | Entered Level 2 of the Orcish Mines
 15168 | Orc:2    | Found Itwaofi's General Store.
 15173 | Orc:2    | Noticed Rupert
 15294 | Orc:2    | Killed Rupert
 15333 | Orc:2    | Bought a scroll of magic mapping for 112 gold pieces
 15475 | Orc:2    | Found a staircase to the Elven Halls.
 15532 | Orc:2    | Found Kaoc's Jewellery Emporium.
 15744 | Orc:2    | Identified the +0 chain mail of the Harvest Moon {Int+5}
                  | (Okawaru gifted it to you on level 2 of the Orcish Mines)
 15744 | Orc:2    | Received a gift from Okawaru
 15834 | Orc:2    | Noticed an orc warlord
 16190 | Orc:2    | Found Fibeumn's Armour Boutique.
 16195 | Orc:2    | Bought the -2 hat of the Alchemist {rElec rPois rF+ rC+ rN+
                  | Will+ rMut rCorr} for 472 gold pieces
 16195 | Orc:2    | Found the -2 hat of the Alchemist {rElec rPois rF+ rC+ rN+
                  | Will+ rMut rCorr}
 16442 | Orc:2    | Killed an orc warlord
 16542 | Orc:2    | Found Qamod's Antique Armour Boutique.
 16544 | Orc:2    | Found Momiatau's Antique Weapon Shop.
 16563 | Orc:2    | Bought a steaming falchion for 296 gold pieces
 16563 | Orc:2    | Identified the +5 falchion "Nofiwer" {venom, Int+2} (You
                  | bought it in a shop on level 2 of the Orcish Mines)
 16575 | Orc:2    | Bought a pair of glowing boots for 255 gold pieces
 17742 | Lair:4   | Found a viscous altar of Jiyva.
 17743 | Lair:4   | Found a staircase to the Slime Pits.
 18028 | Lair:4   | Reached ****** piety under Okawaru
 18028 | Lair:4   | Identified the +2 chain mail of Infinity {Str-3 Int+2
                  | Dex+3} (Okawaru gifted it to you on level 4 of the Lair of
                  | Beasts)
 18028 | Lair:4   | Received a gift from Okawaru
 18511 | Lair:5   | Entered Level 5 of the Lair of Beasts
 18621 | Lair:5   | Reached XP level 14. HP: 132/132 MP: 14/14
 18649 | Lair:5   | Reached skill level 15 in Armour
 19997 | D:7      | Killed Tyszek's ghost
 20006 | D:7      | Killed ripuliukko's ghost
 20021 | D:7      | Killed disskorpion's ghost
 20021 | D:7      | Received a gift from Okawaru
 21017 | D:14     | Found a white marble altar of Elyvilon.
 21686 | D:14     | Reached skill level 15 in Fighting
 21726 | D:14     | Identified the +5 demon blade "Qathako" {heavy, Contam Fly
                  | rElec rPois rN++} (Okawaru gifted it to you on level 14 of
                  | the Dungeon)
 21726 | D:14     | Received a gift from Okawaru
 21809 | D:14     | Found a gate to the Vaults.
 22073 | D:15     | Entered Level 15 of the Dungeon
 22260 | D:15     | Reached XP level 15. HP: 125/141 MP: 15/15
 22439 | D:15     | Found a staircase to the Depths.
 22563 | D:15     | Received a gift from Okawaru
 22563 | D:15     | Found the +9 sword of Zonguldrok {reap}
 22673 | D:15     | HP: 4/211 [two-headed ogre/+0 giant club (20)]
 22676 | D:15     | Mangled by a two-headed ogre

Illustrated notes

Levels and vault maps discovered:
D:1:      minmay_arrival_floating_metal, layout_loops_corners,
          basic_ecumenical_altar
D:2:      cheibrodos_helix_gallery, layout_basic, lemuel_flame_loot_1
D:3:      layout_basic, serial_shops, nicolae_shop_tiny_waterfront
D:4:      layout_cave_pools, serial_rivers, chequers_serial_rivers_small_3,
          chequers_serial_rivers_large_a, chequers_serial_rivers_small_b,
          chequers_serial_rivers_large_b, saegor_snake_ambush
D:5:      minmay_diamond_boxcup, layout_basic, minmay_temple_entry_ruins,
          kennysheep_decorative_pillar, minmay_bent
D:6:      layout_rooms, uniq_crazy_yiuf_cottage, uniq_grinder, uniq_sigmund
D:7:      layout_rooms, kiku_gazebo_garden_becter, enter_bailey_3,
          gammafunk_ghost_cemetery, dk_noncrumbling_3, nicolae_stop_n_shop_1,
          minmay_misc_feat_diagonals, uniq_menkaure
D:8:      layout_gridville, serial_shops, nicolae_shop_pleasant_corner_grove,
          shop, shop, shop, dreamdust_mushroom_princess, uniq_erica
D:9:      layout_roguey, minitemple, erik_lair_island, hangedman_glass_teeth,
          nicolae_transporter_intersection
D:10:     layout_rooms
D:11:     layout_loops_ring, orc_0_dummy, uniq_grum
D:12:     layout_big_octagon
D:13:     layout_loops_ring
D:14:     layout_stronghold, david_vaults_1, elyvilon_altar_4,
          nicolae_figureground_pulse
D:15:     gammafunk_depths_entry_grave, layout_long_grid, serial_bayou_pond_b,
          uniq_louise
Temple:   nicolae_temple_no_exploring_needed
Lair:1:   layout_roguey, serial_rivers, chequers_serial_rivers_micro_c,
          chequers_serial_rivers_small_b, chequers_serial_rivers_micro_e,
          chequers_serial_rivers_micro_a, chequers_serial_rivers_micro_b,
          chequers_serial_rivers_micro_d, grunt_megastairs_3
Lair:2:   layout_regular_city, shoals_dummy_entry, guppyfry_snake_entry_garden,
          gammafunk_ghost_necromancy, grunt_forest_stairs_clearing
Lair:3:   layout_chaotic_city, nicolae_lair_lil_pond, grunt_megastairs_4
Lair:4:   layout_regular_city, minmay_slime_entry_oklob_enclosed,
          serial_bayou_lagoon_b
Lair:5:   minmay_lair_end_frog_pond, layout_cave_pods
Orc:1:    layout_caves
Orc:2:    grunt_orc_community_town_hall, layout_diamond_mine,
          grunt_orc_community_big_house_2, grunt_orc_community_big_house_1,
          grunt_orc_community_house_2, grunt_orc_community_house_2,
          grunt_orc_community_house_2, grunt_orc_community_house_2,
          serial_shops, shop, uniq_rupert

Skill      XL: |  1  2  3  4  5  6  7  8  9 10 11 12 13 14 15 |
---------------+----------------------------------------------+-----
Fighting       | 4 5 6 7 9 10 12 14 15 | 15.5
Armour         | 4 6 7 8 9 10 12 13 14 16 | 16.5
Shields        | 4 5 6 7 9 11 12 14 | 14.3
Long Blades    | 3 4 5 6 9 10 12 14 15 16 | 16.9
Dodging        | 1 2 3 4 5 6 7 8 |  8.0
Stealth        | 1 2 3 |  3.0
Invocations    | 1 2 |  2.1
Evocations     | |  0.1

Action                     |  1- 3 |  4- 6 |  7- 9 | 10-12 | 13-15 || total
---------------------------+-------+-------+-------+-------+-------++-------
  Melee: Long sword        |    86 |   117 |   238 |   451 |   261 ||  1153
         Headbutt          |    12 |    19 |    43 |   191 |   365 ||   630
         Scimitar          |       |       |       |   345 |    89 ||   434
         Falchion          |       |       |       |       |   928 ||   928
         Double sword      |       |       |       |       |    17 ||    17
 Invoke: Heroism           |       |       |     2 |     7 |     9 ||    18
  Evoke: Wand              |       |       |       |     2 |     1 ||     3
    Use: Potion            |     3 |     2 |     2 |     1 |     9 ||    17
         Scroll            |       |     8 |     1 |     2 |    10 ||    21
 Armour: Scale mail        |    54 |    71 |    82 |       |       ||   207
         Chain mail        |       |       |    40 |   369 |   472 ||   881
         Skin              |       |       |     3 |       |       ||     3
  Dodge: Dodged            |    54 |    67 |   140 |   325 |   514 ||  1100
  Block: Buckler           |    20 |    31 |    79 |   241 |   443 ||   814
